 Dungeon Crawl Stone Soup version 0.30-a0-862-g1aabd4f9c5 (webtiles) character file.

Game seed: 6764782405266894424

1479 holysushi the Slicer (level 8, -3/52 HPs)
             Began as an Octopode Monk on Mar 9, 2023.
             Was an Initiate of Gozag.
             Slain by an ogre
             ... wielding a +0 giant club
              (26 damage)
             ... on level 5 of the Dungeon.
             The game lasted 00:08:31 (5056 turns).

holysushi the Slicer (Octopode Monk)                Turns: 5056, Time: 00:08:32

Health: -3/52      AC:  1    Str: 15    XL:     8   Next: 79%
Magic:  0/8        EV: 16    Int: 10    God:    Gozag
Gold:   569        SH:  8    Dex: 21    Spells: 4/7 levels left

rFire   . . .      SeeInvis .    a - +0 dagger (venom)
rCold   . . .      Faith    .    d - +3 buckler of the Butterfly {Str+4 Int-2 Dex+5}
rNeg    . . .      Spirit   +    (helmet restricted)
rPois   .          Reflect  .    n - amulet of guardian spirit
rElec   .          Rampage  .    (no ring)
rCorr   .                        (no ring)
Will    .....                    (no ring)
Stlth   ++++                     (no ring)
HPRegen 0.28/turn                (no ring)
MPRegen 0.11/turn                (no ring)
                                 (no ring)
                                 (no ring)

@: no status effects
A: almost no armour, amphibious, 8 rings, camouflage 1, gelatinous body 1,
(nimble swimmer 1), tentacles
a: Renounce Religion, Potion Petition, Call Merchant, Bribe Branch


You were on level 5 of the Dungeon.
You worshipped Gozag.
Gozag was pleased with you.
You visited 2 branches of the dungeon, and saw 7 of its levels.

You collected 649 gold pieces.
You spent 80 gold pieces at shops.

Inventory:

Hand Weapons
 a - a +0 dagger of venom (weapon)
 b - a +1 shortbow of electrocution
 q - a +0 sling
 s - a +0 short sword
Armour
 d - the +3 buckler of the Butterfly (worn) {Str+4 Int-2 Dex+5}
   (You acquired it on level 4 of the Dungeon)

   Str:       It affects your strength (+4).
   Int:       It affects your intelligence (-2).
   Dex:       It affects your dexterity (+5).
Jewellery
 n - an amulet of guardian spirit (around mantle)
Wands
 t - a wand of iceblast (5)
 A - a wand of flame (26)
Scrolls
 f - a scroll of teleportation
 j - 2 scrolls of vulnerability
 p - a scroll of amnesia
 u - a scroll of enchant weapon
 w - 2 scrolls of magic mapping
Potions
 c - a potion of haste
 h - 5 potions of curing
 i - a potion of degeneration
 k - 3 potions of berserk rage
 m - 4 potions of lignification
 v - a potion of mutation
 x - a potion of ambrosia
 z - a potion of resistance


   Skills:
 - Level 3.0 Fighting
 + Level 9.7 Short Blades
 - Level 5.0 Dodging
 - Level 4.0 Stealth
 + Level 2.5 Shields


You had 4 spell levels left.
You knew the following spells:

 Your Spells              Type           Power      Damage    Failure   Level
a - Mephitic Cloud        Conj/Pois/Air  0%         N/A       83%         3

Your spell library contained the following spells:

 Spells                   Type           Power      Damage    Failure   Level
 Apportation              Tloc           0%         N/A       45%         1
 Magic Dart               Conj           0%         1d3       45%         1
 Necrotise                Necr           0%         1d4       45%         1
 Summon Small Mammal      Summ           0%         N/A       45%         1
 Call Imp                 Summ           0%         N/A       58%         2
 Cigotuvi's Dreadful Rot  Necr/Pois/Air  0%         N/A       58%         2
 Poisonous Vapours        Pois/Air       0%         N/A       58%         2
 Frozen Ramparts          Ice            0%         1d1       83%         3
 Ice Form                 Ice/Tmut       0%         N/A       99%         4
 Summon Ice Beast         Ice/Summ       0%         N/A       99%         4


Dungeon Overview and Level Annotations

Branches:
Dungeon (6/15) Zot: 26633  Temple (1/1) D:5 Zot: 5863

Altars:
Ashenzari
Elyvilon
Fedhas
Gozag
Hepliaklqana
Kikubaaqudgha
Nemelex Xobeh
Ru
Sif Muna
Trog
Xom
Zin

Shops:
D:2 :   D:3 =!!   D:5 !


Innate Abilities, Weirdness & Mutations

You cannot wear most types of armour.
You are amphibious.
You can wear up to eight rings at the same time.
Your skin changes colour to match your surroundings (Stealth+).
Your rubbery body absorbs attacks. (AC +1, EV +1)
((You are camouflaged when in or above water. (Stealth+)))
You have tentacles for arms and can constrict up to eight enemies at once.


Message History

Okay, then.
Unknown command.
You hit the white imp.
The white imp is heavily wounded.
You constrict the white imp, but do no damage.
The white imp gestures at you. The puff of frost misses you.
You hit the white imp.
You squeeze the white imp, but do no damage.
The white imp is heavily wounded.
You constrict the white imp. You block the white imp's attack.
You hit the white imp.
You kill the white imp!
You swing at nothing.
You hit the iguana but do no damage.
The iguana is poisoned.
You grab the iguana. You constrict the iguana.
You hit the iguana but do no damage.
The iguana looks even sicker.
The iguana is lightly wounded.
You constrict the iguana. The iguana closely misses you.
You hit the iguana but do no damage.
The iguana looks as sick as possible!
You squeeze the iguana!
You kill the iguana!
You swing at nothing.
You hit the ogre but do no damage.
The ogre is poisoned.
The ogre barely misses you.
You hit the ogre.
The ogre is lightly wounded.
You hit the ogre.
The ogre looks as sick as possible!
You squeeze the ogre.
The ogre is heavily wounded.
You barely miss the ogre.
The ogre is severely wounded.
The ogre hits you with a +0 giant club!
You hit the ogre but do no damage. You squeeze the ogre.
The ogre is severely wounded.
You hit the ogre. You squeeze the ogre, but do no damage.
The ogre is almost dead.
The ogre hits you with a +0 giant club!!
Ouch! That really hurt!
You die...
Your body crumbles into a pile of gold.

#.. ..#)#...##...' #..
#$# ..#.#[..##...)
#.... ....#.'..#..#..#
#....#....#.##......##
#...#.#...#.###....##
#.........#.# ######
#.....###'####...# #O#
#......#.#.### ####@#
#......#...#..
#....###..##..#.....#
##..#..##..##..#.###..
#..#.#..#......#.# ##.
#...#...'......#.#####
#..#.#..########......
##..#..##.....########
#....##......#
######.<)....# #


You could see an ogre (extremely poisoned).

Vanquished Creatures
  2 water moccasins
  An ice beast (D:5)
  A black bear (D:4)
  A phantom (D:4)
  A centaur (D:5)
  A kobold brigand (D:5)
  3 scorpions (D:5)
  A howler monkey (D:5)
  3 hounds
  4 orc priests
  A gnoll bouda (D:4)
  5 iguanas
  Ijyb (D:3)
  2 orc wizards
  7 gnolls
  4 adders
  A white imp (D:5)
  A worm (D:3)
  4 dart slugs
  17 orcs
  4 bats
  5 endoplasms
  2 giant cockroaches
  14 goblins
  4 hobgoblins
  3 jackals (D:3)
  7 quokkas
  3 ball pythons
  3 frilled lizards
  3 kobolds
  3 rats (D:2)
112 creatures vanquished.

Notes
Turn   | Place    | Note
-------+----------+-------------------------------------------
     0 | D:1      | holysushi the Octopode Monk began the quest for the Orb.
     0 | D:1      | Reached XP level 1. HP: 16/16 MP: 1/1
    44 | D:1      | Found a faded altar of an unknown god.
   225 | D:1      | Reached XP level 2. HP: 21/21 MP: 2/2
   563 | D:2      | Reached skill level 4 in Short Blades
   626 | D:2      | Reached XP level 3. HP: 26/26 MP: 3/3
   889 | D:2      | Found Qisk's Book Emporium.
  1337 | D:2      | Reached XP level 4. HP: 27/31 MP: 2/4
  1373 | D:3      | Reached skill level 5 in Short Blades
  1543 | D:3      | Found Nyntol's Distillery.
  1647 | D:3      | Bought a potion of heal wounds for 50 gold pieces
  1647 | D:3      | Bought a potion of curing for 30 gold pieces
  1679 | D:3      | Found Genuery's Distillery.
  1721 | D:3      | Reached XP level 5. HP: 35/36 MP: 5/5
  1938 | D:3      | Found Ciuhiude's Jewellery Boutique.
  1947 | D:3      | Learned a level 3 spell: Mephitic Cloud
  1957 | D:3      | Found a white marble altar of Elyvilon.
  2007 | D:3      | Found a sparkling altar of Nemelex Xobeh.
  2131 | D:3      | Noticed Ijyb
  2141 | D:3      | Killed Ijyb
  2259 | D:3      | Reached skill level 6 in Short Blades
  2534 | D:4      | Reached XP level 6. HP: 8/42 MP: 1/6
  2718 | D:4      | Noticed a black bear
  2722 | D:4      | Killed a black bear
  3127 | D:4      | Found a shimmering altar of Xom.
  3222 | D:4      | Reached XP level 7. HP: 46/46 MP: 7/7
  3232 | D:4      | Reached skill level 7 in Short Blades
  3345 | D:5      | Entered Level 5 of the Dungeon
  3388 | D:5      | Found Zusecaadd's Distillery.
  3730 | D:5      | Reached skill level 8 in Short Blades
  3976 | D:5      | Found a staircase to the Ecumenical Temple.
  4030 | Temple   | Entered the Ecumenical Temple
  4138 | Temple   | Became a worshipper of Gozag Ym Sagoz the Greedy
  4373 | D:5      | Reached XP level 8. HP: 38/52 MP: 5/8
  4482 | D:5      | Reached skill level 5 in Dodging
  4680 | D:6      | Reached skill level 9 in Short Blades
  4718 | D:4      | Identified a scroll of acquirement
  4718 | D:4      | Acquired the +3 buckler of the Butterfly {Str+4 Int-2
                  | Dex+5}
  4896 | D:5      | Reached skill level 1 in Shields
  5056 | D:5      | Slain by an ogre

Illustrated notes

Levels and vault maps discovered:
D:1:      beargit_arrival_greenhouse, layout_basic,
          chequers_ecumenical_altar_simple
D:2:      layout_loops_ring, serial_shops, shop
D:3:      kennysheep_goblin_castle, layout_basic,
          mainiacjoe_overflow_surrounded_room,
          nemelex_xobeh_ov_fountains_minmay, serial_shops, shop,
          nicolae_shop_waterfront, nicolae_shop_behind_doors
D:4:      layout_basic, mainiacjoe_overflow_brackets
D:5:      minmay_polygon_palace, layout_rooms,
          minmay_temple_entry_statues_pillars, serial_shops,
          nicolae_diamond_shop
D:6:      layout_loops_ring, mainiacjoe_overflow_small_starburst,
          hellmonk_okawaru_the_only_friend_you_need, serial_shops,
          nicolae_take_the_stairs, st_stairs_14
Temple:   kb_temple_of_zot

Skill      XL: |  1  2  3  4  5  6  7  8 |
---------------+-------------------------+-----
Short Blades   | 4 5 6 8 9 |  9.7
Stealth        | 3 4 |  4.0
Dodging        | 4 5 |  5.0
Shields        | 2 |  2.5
Fighting       | |  3.0

Action                     |  1- 3 |  4- 6 |  7- 9 || total
---------------------------+-------+-------+-------++-------
  Melee: Short sword       |    57 |    45 |       ||   102
         Tentacles         |    12 |    33 |    47 ||    92
         Constrict         |    12 |    25 |    25 ||    62
         Dagger            |       |    68 |   131 ||   199
         Punch             |       |     1 |     3 ||     4
    Use: Potion            |     1 |       |     2 ||     3
         Scroll            |       |       |    17 ||    17
   Stab: Sleeping          |    11 |    10 |     7 ||    28
         Distracted        |       |       |     3 ||     3
 Armour: Skin              |       |     5 |     2 ||     7
  Dodge: Dodged            |    34 |    78 |    59 ||   171
  Block: Buckler           |       |       |     6 ||     6

Table legend: (Time is in decaauts)
 A = Elapsed time spent in this place.
 B = Non-inter-level travel time spent in this place.
 C = Inter-level travel time spent in this place.
 D = Time resting spent in this place.
 E = Time spent auto-exploring this place.
 F = Levels seen in this place.
 G = Mean time per level.
                   A        B        C        D        E       F      G
               +--------+--------+--------+--------+--------+-----+--------+
         Total |   4956 |   4687 |    269 |    908 |   2745 |   7 |  708.0 |
       Dungeon |   4820 |   4594 |    226 |    908 |   2658 |   6 |  803.3 |
        Temple |    136 |     93 |     43 |      0 |     87 |   1 |  136.0 |
               +--------+--------+--------+--------+--------+-----+--------+

Top non-repeatable levels by time:
     D:5: 1440 daAuts
     D:4: 1086 daAuts
     D:3: 1004 daAuts
     D:2: 794 daAuts
     D:1: 482 daAuts
  Temple: 136 daAuts
     D:6: 11 daAuts
